 Dungeon Crawl Stone Soup version 0.23-a0-681-g26ad783 (webtiles) character file.

168 emperorscorpion the Covert (level 5, -6/38 HPs)
             Began as a Vampire Assassin on Jan 10, 2019.
             Mangled by an orc
             ... wielding a +1 flail of protection
              (9 damage)
             ... on level 3 of the Dungeon.
             The game lasted 00:03:35 (2400 turns).

emperorscorpion the Covert (Vampire Assassin)       Turns: 2400, Time: 00:03:36

Health: -6/38      AC:  3    Str: 10    XL:     5   Next: 23%
Magic:  5/5        EV: 12    Int: 14    God:
Gold:   124        SH:  0    Dex: 16    Spells: 4/4 levels left

rFire    . . .     SeeInvis +   a - +2 dagger
rCold    + . .     Gourm    .   (no shield)
rNeg     + + .     Faith    .   c - +0 robe
rPois    +         Spirit   .   (no helmet)
rElec    .         Reflect  .   d - +0 cloak
rCorr    .         Harm     .   (no gloves)
MR       .....                  (no boots)
Stlth    +++++.....             (no amulet)
HPRegen  0.06/turn              (no ring)
MPRegen  0.09/turn              (no ring)

@: regenerating slowly
A: fangs 3, see invisible, unbreathing
a: Bat Form


You were on level 3 of the Dungeon.
You were near bloodless.

You visited 1 branch of the dungeon, and saw 3 of its levels.

You collected 124 gold pieces.

Inventory:

Hand Weapons
 a - a +2 dagger (weapon)
 b - a +0 blowgun
Missiles
 e - 30 poisoned needles
 f - 6 curare-tipped needles
Armour
 c - a +0 robe (worn)
 d - a +0 cloak (worn)
Scrolls
 h - a scroll of amnesia {unknown}
 i - a scroll of remove curse {unknown}
 j - a scroll of teleportation {unknown}
 l - 3 scrolls of identify {unknown}
 m - a scroll of fog {unknown}
 n - a scroll of enchant weapon {unknown}
Potions
 g - 27 potions of blood
 k - a potion of lignification


   Skills:
 + Level 2.2 Fighting
 + Level 3.6 Short Blades
 + Level 2.2 Throwing
 + Level 1.4 Dodging
 + Level 8.0 Stealth


You had 4 spell levels left.
You didn't know any spells.
Your spell library was empty.

Dungeon Overview and Level Annotations

Branches:
Dungeon (3/15)

Altars:
Okawaru
Xom


Innate Abilities, Weirdness & Mutations

You heal slowly.
You have razor-sharp teeth.
You have supernaturally acute eyesight. (SInv)
You can survive without breathing.


Message History

You hit the orc but do no damage.
The orc is severely wounded.
The orc closely misses you.
You hit the orc but do no damage.
The orc is heavily wounded.
The orc hits you with a +1 flail of protection.
* * * LOW HITPOINT WARNING * * *
The orc barely misses you.
You feel almost devoid of blood!
You hit the orc but do no damage.
The orc is heavily wounded.
The orc hits you with a +1 flail of protection!
* * * LOW HITPOINT WARNING * * *
The orc hits you but does no damage.
You barely miss the orc.
The orc is heavily wounded.
You hit the orc.
You kill the orc!
The orc hits you with a +1 flail of protection!
You die...

......# #...........+...#..
......#########...........###....
..............'..................
......#########...............#..
......#### #...........###.#.#
.........# #...........# #.#.#
......##### ########+######+#..
......#...# #...# #.....
......#.#'#####o@.# #.....
####...........)..# #%....
..##..............# +.....
#.##..............# #.....
#.##..............# ###...
#o#.....#'#####...# ####
#o#.##..#.# #...# #o#..#..#.#
#...# #.#..#..#o# #...#


You could see an orc.

Vanquished Creatures
  A bullfrog zombie (D:3)
  Robin (D:2)
  6 adders
  3 oozes
  2 worms (D:2)
  2 dart slugs (D:1)
  A leopard gecko (D:2)
  An orc (D:3)
  A bat (D:1)
  2 giant cockroaches (D:2)
  8 goblins (D:2)
  6 hobgoblins
  A jackal (D:2)
  2 quokkas (D:3)
  2 frilled lizards
  7 kobolds
  5 rats
51 creatures vanquished.

Notes
Turn   | Place    | Note
-------+----------+-------------------------------------------
     0 | D:1      | emperorscorpion the Vampire Assassin began the quest for
                  | the Orb.
     0 | D:1      | Reached XP level 1. HP: 16/16 MP: 1/1
   136 | D:1      | Reached skill level 6 in Stealth
   140 | D:1      | Reached XP level 2. HP: 19/22 MP: 2/2
   910 | D:2      | Reached XP level 3. HP: 26/27 MP: 3/3
  1405 | D:2      | Reached skill level 7 in Stealth
  1596 | D:2      | Found a shimmering altar of Xom.
  1625 | D:2      | Reached XP level 4. HP: 33/33 MP: 4/4
  1671 | D:2      | Found an iron altar of Okawaru.
  1734 | D:2      | Noticed Robin
  1786 | D:2      | Killed Robin
  2017 | D:2      | Found a faded altar of an unknown god.
  2194 | D:3      | Reached XP level 5. HP: 38/38 MP: 5/5
  2234 | D:3      | Reached skill level 8 in Stealth
  2400 | D:3      | Mangled by an orc

Vault maps used:
D:1:      dpeg_arrival_lava_temple_mockup, minmay_misc_feat_square
D:2:      minmay_angry_zag, brannock_xom_greatest_gift,
          okawaru_metal_pillars_1_2, chequers_ecumenical_altar_simple,
          uniq_robin, uniq_terence
D:3:      fiery_altar_vehumet, first_ration

Skill      XL: |  1  2  3  4  5 |
---------------+----------------+-----
Throwing       | 2 |  2.2
Stealth        | 6 7 8 |  8.0
Fighting       | 2 |  2.2
Short Blades   | 3 |  3.6
Dodging        | |  1.4

Action                   |  1- 3 |  4- 6 || total
-------------------------+-------+-------++-------
Melee: Dagger            |    76 |    44 ||   120
       Bite              |     5 |     2 ||     7
 Fire: Blowgun           |     8 |     1 ||     9
  Use: Potion            |     1 |     1 ||     2
 Stab: Sleeping          |    10 |    13 ||    23
Armor: Robe              |    10 |     3 ||    13
Dodge: Dodged            |    32 |    15 ||    47

Table legend:
 A = Non-vault XP
 B = Vault XP
 C = Vault XP percentage of total XP
 D = Non-vault monster count
 E = Vault monster count
 F = Vault count percentage of total count
                 A         B        C        D         E       F
            +---------+---------+-------+---------+---------+-------
      Total |     189 |      51 |  21.2 |      37 |      14 |  27.5
            +---------+---------+-------+---------+---------+-------
        D:1 |      26 |       0 |   0.0 |      11 |       0 |   0.0
        D:2 |      94 |      51 |  35.2 |      19 |      14 |  42.4
        D:3 |      69 |       0 |   0.0 |       7 |       0 |   0.0
            +---------+---------+-------+---------+---------+-------
